 Dungeon Crawl Stone Soup version 0.30-a0-591-g3c58d2bc28 (webtiles) character file.

Game seed: 6917289554588789378

1372 bande the Chopper (level 8, 0/49 HPs)
             Began as a Gargoyle Fighter on Jan 6, 2023.
             Was an Initiate of Okawaru.
             Slain by a bullfrog (5 damage)
             ... on level 6 of the Dungeon.
             The game lasted 00:08:23 (5483 turns).

bande the Chopper (Gargoyle Fighter)                Turns: 5483, Time: 00:08:24

Health: 0/49       AC: 15    Str: 19    XL:     8   Next: 66%
Magic:  9/9        EV:  9    Int: 10    God:    Okawaru [......]
Gold:   389        SH:  5    Dex: 11    Spells: 7/7 levels left

rFire   . . .      SeeInvis .    a - +0 war axe (protect)
rCold   . . .      Faith    .    c - +0 buckler
rNeg    + . .      Spirit   .    b - +0 scale mail
rPois   ∞          Reflect  .    e - +2 hat
rElec   +          Harm     .    j - scarf {repulsion}
rCorr   .          Rampage  .    (no gloves)
Will    .....                    (no boots) Stlth
                                 (no amulet)
HPRegen 0.28/turn                (no ring)
MPRegen 0.11/turn                (no ring)

@: repel missiles
A: sickness immunity, AC +5, negative energy resistance 1, electricity
resistance, torment resistance 1, petrification resistance
a: Renounce Religion


You were on level 6 of the Dungeon.
You worshipped Okawaru.
Okawaru was noncommittal.
You visited 2 branches of the dungeon, and saw 7 of its levels.

You collected 389 gold pieces.

Inventory:

Hand Weapons
 a - a +0 war axe of protection (weapon)
Armour
 b - a +0 scale mail (worn)
 c - a +0 buckler (worn)
 e - a +2 hat (worn)
 j - a scarf of repulsion (worn)
Wands
 f - a wand of iceblast (12)
 g - a wand of flame (10)
Scrolls
 i - a scroll of brand weapon
 n - a scroll of magic mapping
Potions
 d - a potion of might
 h - a potion of cancellation {unknown}
 k - a potion of invisibility {unknown}
 l - a potion of heal wounds
 m - a potion of lignification {unknown}
 r - a potion of magic {unknown}


   Skills:
 + Level 5.3 Fighting
 + Level 6.9 Axes
 + Level 5.3 Armour
 + Level 4.8 Shields
 * Level 1.8 Invocations
 * Level 2.3 Evocations


You had 7 spell levels left.
You didn't know any spells.
Your spell library contained the following spells:

 Spells                   Type           Power      Damage    Failure   Level
 Ignite Poison            Fire/Tmut/Pois 0%         N/A       99%         3
 Kindle Blastsparks       Fire/Tloc/Air  0%         2d10      99%         3
 Ozocubu's Armour         Ice            0%         N/A       99%         3
 Freezing Cloud           Conj/Ice/Air   0%         6-21      100%        5
 Ozocubu's Refrigeration  Ice            0%         4d7       100%        7


Dungeon Overview and Level Annotations

Branches:
Dungeon (6/15)             Temple (1/1) D:5

Altars:
Ashenzari
Elyvilon
Fedhas
Gozag
Hepliaklqana
Kikubaaqudgha
Makhleb
Okawaru
Sif Muna
Uskayaw
Vehumet
Xom
Yredelemnul
The Shining One

Shops:
D:3 :


Innate Abilities, Weirdness & Mutations

You are immune to sickness and miasma.
Your stone body is resilient. (AC +5)
You are immune to poison.
You resist negative energy. (rN+)
You are resistant to electric shocks. (rElec)
You are resistant to unholy torment.
You are immune to petrification.


Message History

2 gnolls come into view.
The gnoll shouts! x2
The gnoll bouda attacks as you move away!
The gnoll bouda hits you but does no damage.
The gnoll bouda gazes fiercely through you!
You feel as though you will be weak longer.
The scorpion attacks as you move away! You block the scorpion's attack.
The gnoll bouda barks out a call to the hunt!
The gnolls pick up the pace!
The gnoll hits you but does no damage. You block the scorpion's attack.
The bullfrog attacks as you move away!
The bullfrog hits you but does no damage.
You block the bullfrog's attack.
Your attacks no longer feel as feeble.
The scorpion attacks as you move away!
The scorpion stings you but does no damage.
You block the scorpion's attack. You block the bullfrog's attack.
The gnoll barely misses you. The bullfrog attacks as you move away!
The bullfrog hits you but does no damage.
The bullfrog closely misses you. The bullfrog barely misses you.
The gnoll barely misses you. The bullfrog attacks as you move away!
You block the bullfrog's attack.
The gnoll bouda gazes fiercely through you!
You feel your attacks grow feeble.
The scorpion stings you but does no damage.
The bullfrog attacks as you move away! The bullfrog closely misses you.
The bullfrog hits you!
* * * LOW HITPOINT WARNING * * *
The gnoll is no longer moving quickly. x2
The gnoll bouda barks out a call to the hunt!
The gnolls pick up the pace!
Found a robe.
Found an escape hatch in the ceiling.
Your attacks no longer feel as feeble.
The gnoll is no longer moving quickly.
The bullfrog hits you but does no damage.
The gnoll bouda barks out a call to the hunt!
The gnoll picks up the pace!
The bullfrog attacks as you move away! The bullfrog hits you.
You die...

.#..[....<.. .# #............. ##
.... ##... .#........ #.##
.#.#.##...## ......... ###...#
........... #....#...# ##.....#
.#.#.#....####....##...###......#
..................##...#.........
.#.#.#...g...hgs@........>.......
.............g.F...###.....<..##
.#.#.#.......gg......##........#
.........#...........##........#
.........##..#..........####...#
.......########.........# ####
......## ##.........## .......##
#...........# ........#
###.......#..#


You could see a black bear, a bullfrog, a gnoll bouda, a scorpion and 4 gnolls.

Vanquished Creatures
  Menkaure (D:4)
  A water moccasin (D:6)
  An ogre (D:6)
  A centaur (D:5)
  A phantom (D:5)
  A necrophage (D:5)
  A scorpion (D:2)
  A crimson imp (D:3)
  6 hounds
  6 orc priests
  3 iguanas
  An orc wizard (D:4)
  4 gnolls (D:4)
  11 adders
  2 white imps (D:5)
  An ufetubus (D:5)
  2 worms (D:2)
  5 dart slugs
  30 orcs
  7 ball pythons
  9 endoplasms
  2 giant cockroaches
  3 goblins (D:3)
  7 hobgoblins
  2 jackals (D:3)
  10 kobolds
  3 quokkas
  5 bats
  4 frilled lizards
  5 rats
136 creatures vanquished.

Notes
Turn   | Place    | Note
-------+----------+-------------------------------------------
     0 | D:1      | bande the Gargoyle Fighter began the quest for the Orb.
     0 | D:1      | Reached XP level 1. HP: 14/14 MP: 1/1
   181 | D:1      | Reached XP level 2. HP: 18/19 MP: 2/2
   298 | D:1      | You fall into a shaft and drop 1 floor!
   594 | D:1      | Reached skill level 2 in Axes
   638 | D:2      | Reached XP level 3. HP: 23/23 MP: 3/3
   754 | D:2      | Reached XP level 4. HP: 28/28 MP: 4/4
   822 | D:2      | Found a faded altar of an unknown god.
   961 | D:2      | Noticed a scorpion
   970 | D:2      | Killed a scorpion
   971 | D:2      | Reached skill level 3 in Axes
   971 | D:2      | Reached XP level 5. HP: 31/33 MP: 5/5
  1635 | D:3      | Found a blossoming altar of Fedhas.
  1721 | D:3      | Reached skill level 4 in Axes
  1740 | D:3      | Found an ancient bone altar of Kikubaaqudgha.
  1874 | D:3      | Reached XP level 6. HP: 34/38 MP: 6/6
  1968 | D:3      | Identified the +7 dagger "Senunt" {drain, *Slow rPois rN+
                  | SInv}
  2077 | D:3      | Found an opulent altar of Gozag.
  2108 | D:3      | Found Busof's Book Shop.
  2437 | D:3      | Found a burning altar of Makhleb.
  2437 | D:3      | Found a shimmering altar of Xom.
  3004 | D:4      | Reached skill level 5 in Axes
  3004 | D:4      | Reached XP level 7. HP: 15/44 MP: 7/7
  3486 | D:4      | Noticed Menkaure
  3550 | D:4      | Killed Menkaure
  4307 | D:5      | Entered Level 5 of the Dungeon
  4362 | D:5      | Reached skill level 1 in Evocations
  4393 | D:5      | Reached skill level 6 in Axes
  4447 | D:5      | Reached skill level 5 in Fighting
  4447 | D:5      | Reached XP level 8. HP: 42/49 MP: 8/8
  4453 | D:5      | Reached skill level 5 in Armour
  4497 | D:5      | Found a staircase to the Ecumenical Temple.
  4510 | Temple   | Entered the Ecumenical Temple
  4520 | Temple   | Became a worshipper of Warmaster Okawaru
  4624 | D:5      | Reached skill level 1 in Invocations
  5483 | D:6      | Slain by a bullfrog

Illustrated notes

Levels and vault maps discovered:
D:1:      psy_arrival_spokes, layout_basic
D:2:      layout_loops_cross, ebering_ecumenical_altar_rust
D:3:      layout_basic, mainiacjoe_overflow_catwalk, amcnicky_altar_gilded,
          nicolae_gozag_cash_rules_everything_around_me,
          grunt_temple_overflow_champion_of_chaos, serial_shops, shop_statue
D:4:      layout_loops_corners, uniq_menkaure
D:5:      layout_cave_pools, minmay_temple_entry_glassed_door,
          chequers_decorated_corner
D:6:      layout_cave_pools, nicolae_stop_n_shop_2, reono_crystal_passage,
          st_stairs_11, nicolae_shop_clearance, uniq_duvessa,
          uniq_crazy_yiuf_cottage, uniq_sigmund
Temple:   nicolae_temple_two_arcs

Skill      XL: |  1  2  3  4  5  6  7  8 |
---------------+-------------------------+-----
Axes           | 2 3 4 5 6 |  6.9
Shields        | 4 |  4.8
Fighting       | 4 5 |  5.3
Armour         | 4 5 |  5.3
Evocations     | 1 2 |  2.3
Invocations    | 1 |  1.8

Action                   |  1- 3 |  4- 6 |  7- 9 || total
-------------------------+-------+-------+-------++-------
Melee: War axe           |    82 |   225 |   147 ||   454
  Use: Scroll            |       |       |    11 ||    11
       Potion            |       |       |     5 ||     5
Armor: Scale mail        |    73 |   135 |   104 ||   312
Dodge: Dodged            |    42 |   116 |    80 ||   238
       Repelled          |       |     2 |       ||     2
Block: Buckler           |    20 |    52 |    49 ||   121

Table legend: (Time is in decaauts)
 A = Elapsed time spent in this place.
 B = Non-inter-level travel time spent in this place.
 C = Inter-level travel time spent in this place.
 D = Time resting spent in this place.
 E = Time spent auto-exploring this place.
 F = Levels seen in this place.
 G = Mean time per level.
                   A        B        C        D        E       F      G
               +--------+--------+--------+--------+--------+-----+--------+
         Total |   5638 |   5618 |     20 |   1349 |   2985 |   7 |  805.4 |
       Dungeon |   5617 |   5597 |     20 |   1349 |   2985 |   6 |  936.2 |
        Temple |     20 |     20 |      0 |      0 |      0 |   1 |   20.0 |
               +--------+--------+--------+--------+--------+-----+--------+

Top non-repeatable levels by time:
     D:4: 1714 daAuts
     D:3: 1320 daAuts
     D:5: 1037 daAuts
     D:2: 779 daAuts
     D:1: 640 daAuts
     D:6: 126 daAuts
  Temple: 20 daAuts
